[Event "1st FIDE Olympiad DIS 2023"]
[Site "Belgrade"]
[Date "2023.02.02"]
[Round "4.10"]
[White "Larduet Despaigne, Carlos"]
[Black "Syed Ejaz Husain"]
[Result "1-0"]
[ECO "D45"]
[WhiteElo "2277"]
[BlackElo "1952"]
[Annotator "TA"]
[PlyCount "67"]
[EventDate "2023.01.30"]
[EventType "team-tourn"]
[EventCountry "SRB"]
[SourceTitle "playchess.com"]
[Source "ChessBase"]
[SourceQuality "1"]
[WhiteTeam "Cuba"]
[WhiteTeamCountry "CUB"]
[TimeControl "40/5400+30:1800+30"]

1. d4 d5 2. c4 e6 3. Nc3 c6 4. e3 Nf6 5. Nf3 Nbd7 6. Qc2 Bd6 7. g4 Nxg4 8. Rg1 Nxh2 9. Nxh2 Bxh2 10. Rxg7 Nf8 11. Rg2 {[%emt 0:08:49] Wards off Ng6. D45: Semi-Slav: 5 e3.} Bd6 {[%emt 0:04:06] 11...Bd6 is better than 11...Bc7.} 12. e4 Bb4 (12... Ng6 $11) 13. Bg5 {[%emt 0:02:47] White is slightly better.} f6 {[%emt 0:00:29] [#]} (13... Be7 $14 14. Bxe7 Qxe7) 14. Bd2 $146 ({Predecessor:} 14. Be3 Bd7 15. Be2 Qe7 16. a3 Bxc3+ 17. bxc3 dxc4 18. Bxc4 O-O-O 19. Qa4 Kb8 20. Rb1 {1-0 Rich,A (2262)-Shankland,S (2106) San Francisco TNM Spring op 2006 (6)}) 14... Bxc3 15. Bxc3 {[%emt 0:00:19] And now 0-0-0 would win.} Qe7 {[%emt 0:08:21] Black is weak on the dark squares} (15... Qc7 $16) 16. O-O-O $18 {[%emt 0:01:04] aiming for exd5.} dxc4 (16... dxe4 $142 17. Qxe4 Ng6) 17. Bxc4 Bd7 18. Qb3 (18. Qd2 $18) 18... O-O-O $2 (18... b5 $16) 19. Bb4 Qf7 20. Qa3 Kb8 21. Bd6+ Ka8 22. Bc5 {[%emt 0:01:46][%csl Gc5][%cal Ra3a7] A strong pair of Bishops.} a6 {[%emt 0:06:00] [#]} 23. Bxa6 $1 Be8 24. Bc4+ Kb8 25. Qa7+ Kc8 26. Bb6 (26. Qa8+ $142 Kc7 27. Qa5+ Kd7 28. d5 cxd5 29. exd5 e5 30. Bb5+ Kc8 31. Bb6) 26... Nd7 27. Qa8+ Nb8 28. Bxd8 {[%emt 0:00:17][%cal Od1g1] [#] Hoping for Rdg1!} Bd7 29. Bb6 {[%emt 0:00:32][%cal Bd8b6,Bb6c5,Bc5d6,Bd6b8][%mdl 32] White mates.} h5 30. Bc5 Kc7 31. Qa5+ Kc8 32. Bd6 Be8 33. Bxb8 b5 34. Bxe6+ {[%emt 0:00:34] White took control after the opening.   Weighted Error Value: White=0.06 (flawless) /Black=0.92} 1-0

[Event "1st FIDE Olympiad DIS 2023"]
[Site "Belgrade"]
[Date "2023.02.02"]
[Round "4.10"]
[White "Koessler, Wolfgang"]
[Black "Nkhupi Robert"]
[Result "1-0"]
[ECO "B12"]
[WhiteElo "1746"]
[BlackElo "1738"]
[Annotator "NA RC COMBH"]
[PlyCount "105"]
[EventDate "2023.01.30"]
[EventType "team-tourn"]
[EventCountry "SRB"]
[SourceTitle "playchess.com"]
[Source "ChessBase"]
[SourceQuality "1"]
[WhiteTeam "Germany"]
[BlackTeam "Zambia"]
[WhiteTeamCountry "GER"]
[BlackTeamCountry "ZAM"]
[TimeControl "40/5400+30:1800+30"]

1. e4 c6 2. d4 d5 3. e5 Bf5 4. h4 h5 5. Ne2 e6 6. Ng3 Bg6 7. Be2 c5 8. c3 cxd4 9. cxd4 Nc6 10. Bd3 Bb4+ 11. Kf1 Qb6 12. Bxg6 fxg6 13. Ne2 O-O-O 14. Be3 Rf8 15. Kg1 Nh6 16. Nf4 Rxf4 17. Bxf4 Qxd4 18. Qxd4 Nxd4 19. Bxh6 gxh6 20. Na3 Kd7 21. Rd1 Bc5 22. Rh3 Rf8 23. Rd2 Nc6 24. Nc4 b5 25. Ne3 Bd4 26. Rg3 Rg8 27. f4 g5 28. hxg5 hxg5 29. Rxd4 Nxd4 30. Rxg5 Rxg5 31. fxg5 Ne2+ 32. Kf2 Nf4 33. Kg3 Ng6 34. Nc2 Ke7 35. Nd4 a6 36. Nf3 Kf7 37. b4 Ke7 38. Nd4 Kd7 39. Nf3 Ke7 40. Nd4 Kf7 41. Nc6 Ke8 42. Nb8 d4 43. Nxa6 d3 44. Kf2 Nxe5 45. Nc7+ Kd7 46. Nxb5 Nc4 47. Nc3 e5 48. a4 Ke6 49. a5 Kf5 50. a6 Kxg5 51. a7 Nb6 52. b5 Kf5 53. Nd5 1-0

[Event "1st FIDE Olympiad DIS 2023"]
[Site "Belgrade"]
[Date "2023.02.02"]
[Round "4.11"]
[White "Sarkar, Bappi"]
[Black "Interian Rodriguez, Alberto D."]
[Result "0-1"]
[ECO "E94"]
[WhiteElo "1778"]
[BlackElo "2082"]
[Annotator "TA"]
[PlyCount "80"]
[EventDate "2023.01.30"]
[EventType "team-tourn"]
[EventCountry "SRB"]
[SourceTitle "playchess.com"]
[Source "ChessBase"]
[SourceQuality "1"]
[WhiteTeam "Bangladesh"]
[BlackTeam "Cuba"]
[WhiteTeamCountry "BAN"]
[BlackTeamCountry "CUB"]
[TimeControl "40/5400+30:1800+30"]

1. d4 Nf6 2. c4 g6 3. Nc3 Bg7 4. Nf3 O-O 5. e4 d6 6. Be2 e5 7. dxe5 dxe5 8. Bg5 Nbd7 9. Qd2 c6 10. O-O (10. Rd1 $5 ) 10... Qc7 {[%emt 0:06:01] E94: King's Indian: Classical: 6 Be2 e5 7 0-0: Various Black 7th moves.} 11. b4 Re8 12. Rfd1 Nf8 {[%emt 0:01:28] The position is equal.} 13. Qd6 ({White should try} 13. h3 $11) 13... Qxd6 $15 14. Rxd6 Ne6 {[%emt 0:00:04] [#]} 15. Be3 $146 (15. Nxe5 $2 Nxg5 16. f4 Ngxe4 17. Nxe4 Nxe4 $19) (15. c5 $15) ({Predecessor:} 15. Bh4 Nh5 16. b5 Nd4 17. Nd2 Nf4 18. Bf3 Nfe6 19. bxc6 bxc6 20. Bg3 Nc5 21. Bh4 {0-1 Pap,K (1747)-Kaman,A (2115) HUN-chT2 Barcza 1516 2015 (7.7)}) 15... Bf8 $17 16. c5 (16. Rad1 $17) 16... Bxd6 $19 17. cxd6 Ng4 18. Rd1 Bd7 (18... Nxe3 $19 19. fxe3 a5) 19. Nxe5 Nxe5 20. f4 {[%emt 0:00:16] [#] Prevents f6} Nxf4 21. Bxf4 f6 22. Rd4 (22. a4 $142) 22... Rad8 23. Bc4+ Be6 24. Be2 Rd7 25. b5 Red8 26. bxc6 bxc6 27. Na4 Rxd6 {[%emt 0:00:12] Black is clearly winning.} (27... Bxa2 $2 {is the wrong capture.} 28. Nc5 Rxd6 29. Ra4 $19) 28. Rxd6 Rxd6 29. Nc5 Bxa2 30. Be3 Bc4 31. Kf2 Bxe2 32. Kxe2 {[%emt 0:00:01][%mdl 4096] Endgame KRN-KBN} Kf7 33. h3 h5 34. Bf2 Nc4 35. Na6 Rd2+ 36. Ke1 Ra2 37. Nb4 Ra1+ 38. Ke2 Ne5 39. Bd4 Ra4 40. Bxe5 Rxb4 {[%emt 0:00:08] Weighted Error Value: White=0.58/Black=0.13 (very precise)} 0-1

[Event "1st FIDE Olympiad DIS 2023"]
[Site "Belgrade"]
[Date "2023.02.02"]
[Round "4.11"]
[White "Sauti Harry"]
[Black "Dorner, Matthias"]
[Result "0-1"]
[ECO "B13"]
[WhiteElo "1693"]
[BlackElo "2180"]
[Annotator "TA"]
[PlyCount "88"]
[EventDate "2023.01.30"]
[EventType "team-tourn"]
[EventCountry "SRB"]
[SourceTitle "playchess.com"]
[Source "ChessBase"]
[SourceQuality "1"]
[WhiteTeam "Zambia"]
[BlackTeam "Germany"]
[WhiteTeamCountry "ZAM"]
[BlackTeamCountry "GER"]
[TimeControl "40/5400+30:1800+30"]

1. e4 c6 2. d4 d5 3. exd5 cxd5 4. Bd3 Nf6 5. c3 Nc6 6. Bf4 Bg4 7. Qb3 Qb6 8. Nd2 {[%emt 0:10:36] [#]} Bh5 $146 {[%emt 0:00:09] B13: Caro-Kann: Exchange Variation and Panov-Botvinnik Attack.} ({Predecessor:} 8... Qxb3 9. axb3 e6 10. b4 Kd7 11. Ngf3 Bxf3 12. Nxf3 Bd6 13. Be3 Ne4 14. O-O a6 15. Ne1 f5 16. Be2 {1-0 Perez Gormaz,M (2397)-Qashashvili,A (2505) Titled Tuesday intern op 06th Sep Early blitz 2022 (8)}) 9. Ngf3 Bg6 10. Bb5 Nh5 {[%emt 0:06:22] White is slightly better.} 11. Be3 e6 $1 12. O-O Be7 13. Ne5 Rc8 {[%emt 0:00:44] [#]} 14. Nxc6 (14. c4 $1 $16) 14... bxc6 $11 15. Be2 O-O 16. Qd1 ({White should play} 16. Qxb6 $14 axb6 17. Nf3) 16... Nf6 17. b3 {[%emt 0:00:44] [#]} (17. b4 $1 $11 {remains equal.}) 17... a5 (17... Ba3 $1 $17 18. Nf3 Bb2) 18. a4 (18. Nf3 $15) 18... c5 {[%emt 0:01:05] Black is more active. Black converts the advantage convincingly.} 19. f3 (19. Bb5 $17 {was necessary.}) 19... cxd4 $19 20. cxd4 (20. Bxd4 $142 Bc5 21. Nb1) 20... Rc3 21. Bf2 Rfc8 22. Kh1 Bd6 23. Qe1 Qb4 24. Rd1 Rc2 25. Bb5 Qa3 26. Bh4 Bb4 27. Bg5 Qb2 28. Qh4 $2 (28. Qf2) 28... Bxd2 29. Bxd2 Rxd2 30. Qg3 Rxd1 31. Rxd1 Qxb3 32. Re1 Qc3 33. h3 Qxd4 34. Kh2 Qc3 35. Ba6 Rd8 36. Qf2 d4 37. Rd1 h5 38. g4 Qc7+ 39. Kg2 Qf4 {[%emt 0:00:37] aiming for ...d3.} 40. Bb7 e5 41. Qb2 hxg4 42. Qb6 Rb8 {[%emt 0:01:58] Black mates.} 43. hxg4 {[%emt 0:00:44] [#]} Nxg4 $1 44. Qc7 (44. Rh1 Ne3+) 44... Qh2+ {[%emt 0:00:05] Weighted Error Value: White=0.65/Black=0.15 (very precise)} 0-1

[Event "1st FIDE Olympiad DIS 2023"]
[Site "Belgrade"]
[Date "2023.02.02"]
[Round "4.12"]
[White "Batista Rivera, Idalis"]
[Black "Sarkar, Ali Newaz"]
[Result "1/2-1/2"]
[ECO "B30"]
[WhiteElo "1775"]
[BlackElo "1809"]
[Annotator "NA RC COMBH"]
[PlyCount "93"]
[EventDate "2023.01.30"]
[EventType "team-tourn"]
[EventCountry "SRB"]
[SourceTitle "playchess.com"]
[Source "ChessBase"]
[SourceQuality "1"]
[WhiteTeam "Cuba"]
[BlackTeam "Bangladesh"]
[WhiteTeamCountry "CUB"]
[BlackTeamCountry "BAN"]
[TimeControl "40/5400+30:1800+30"]

1. e4 c5 2. Nf3 Nc6 3. Bb5 Nd4 4. Nxd4 cxd4 5. Bc4 e5 6. Qh5 Qe7 7. d3 Nf6 $14 8. Qf3 h6 9. c3 dxc3 10. Nxc3 a6 11. Bd2 d6 12. h3 Be6 13. Bxe6 Qxe6 14. Qe3 Be7 15. Qb6 Qd7 16. Rc1 Rc8 17. O-O O-O 18. Be3 Rc6 19. Qb3 Rfc8 20. a3 b5 21. Rfd1 Qb7 22. Nd5 Nxd5 23. Qxd5 Qd7 {[%emt 0:00:16] [#]} 24. Rxc6 (24. Rc2 $2 ) 24... Rxc6 25. Bd2 Rc5 26. Qa8+ Qc8 27. Qxc8+ Rxc8 28. Bc3 f6 29. d4 Kf7 30. dxe5 dxe5 31. Rd3 Ke6 32. Kf1 Bc5 33. Ke2 Bb6 34. Rd5 Rd8 35. Rxd8 Bxd8 36. f3 Bb6 37. Kd3 g6 38. Bd2 h5 39. g4 Bd4 40. b3 Bc5 41. a4 Kd6 42. gxh5 gxh5 43. Be1 Kc6 44. Bh4 Be7 45. Bf2 Bd6 46. Kc3 Be7 47. Kd3 1/2-1/2

[Event "1st FIDE Olympiad DIS 2023"]
[Site "Belgrade"]
[Date "2023.02.02"]
[Round "4.13"]
[White "Mikheev, Stanislav"]
[Black "Bjelanovic, Mile"]
[Result "1/2-1/2"]
[ECO "A54"]
[WhiteElo "2300"]
[BlackElo "2021"]
[Annotator "TA"]
[PlyCount "120"]
[EventDate "2023.01.30"]
[EventType "team-tourn"]
[EventCountry "SRB"]
[SourceTitle "playchess.com"]
[Source "ChessBase"]
[SourceQuality "1"]
[WhiteTeam "Serbia"]
[BlackTeam "Serbia"]
[WhiteTeamCountry "SRB"]
[BlackTeamCountry "SRB"]
[TimeControl "40/5400+30:1800+30"]

1. d4 {[%emt 0:00:05] ChessBase II} Nf6 2. c4 d6 3. Nf3 Nbd7 4. Nc3 e5 5. Bg5 h6 6. Bh4 {[%emt 0:00:23] A54: Old Indian Defence with Nf3, but without e4.} exd4 7. Nxd4 g6 8. Qd2 {[%emt 0:08:55] White is slightly better.} Bg7 9. O-O-O O-O {[%emt 0:02:18] [#]} 10. e4 $146 ({Predecessor:} 10. Qc2 c6 11. e4 Qb6 12. f3 Nc5 13. Bf2 a5 14. g4 a4 15. h4 Nfd7 16. f4 {½-½ Krogius,N-Nezhmetdinov,R RSFSR-ch18 Sochi 1958}) 10... Re8 11. f3 Nxe4 {[%emt 0:19:28][%mdl 64] [#] Discovered Attack} 12. Bxd8 Nxd2 13. Bxc7 Nxf1 (13... Bxd4 $11 14. Kxd2 Nc5) 14. Rhxf1 $14 Ne5 $1 15. b3 Nc6 16. Ndb5 Re3 (16... Bf5 $14) 17. Nd5 (17. Kd2 $16 Re6 18. Nd5 (18. Nxd6 Be5 $11) (18. Bxd6 $2 a6 $19 {[%mdl 64] Deflection})) 17... Re2 18. Rd2 $36 {[%emt 0:00:23][%mdl 2048] Inhibits Bb2+. White has some pressure.} (18. Bxd6 $2 {is a self mate.} Bb2+ 19. Kb1 Bf5+) ({Of course not} 18. Nxd6 Rxa2 19. Ne8 Bd4 20. Nef6+ Kh8 $17) 18... Rxd2 19. Kxd2 Be6 $1 20. Nxd6 b6 (20... Bxd5 $1 $11 {keeps the balance.} 21. cxd5 Ne7 22. Nxb7 Nxd5) 21. Nf4 (21. Nb5 $142) 21... Bd7 22. Re1 Bf8 {[%emt 0:02:55] Black is weak on the light squares} 23. a3 h5 24. b4 {[%emt 0:07:30] White has more active pieces.} Bh6 25. Ne4 {[%emt 0:00:39] [#] And now b5 would win.} Bf5 ({Better is} 25... Rc8 $14 26. Bd6 Rd8) 26. Nf6+ $16 Kg7 27. N6d5 Rc8 {[%emt 0:01:00][%cal Oc8c7] ...Rxc7! would be deadly.} 28. g3 Kh7 29. Kd1 (29. Re8 $16) 29... Bg7 $11 30. h3 Nd4 (30... Bb1 $5 ) 31. g4 (31. Re7 $14) 31... Be6 {[%emt 0:01:06] A strong pair of Bishops.} 32. g5 (32. Re4 $11) 32... Nxf3 $2 (32... Bxd5 $17 {stays on course.} 33. Nxd5 Ne6) 33. Rxe6 $4 (33. Nxe6 $16 fxe6 34. Rxe6) 33... fxe6 $19 34. Nxe6 Be5 35. c5 bxc5 {[%emt 0:00:45] Strongly threatening ...Bxc7.} 36. bxc5 Bxc7 37. Ndxc7 {[%emt 0:00:02][%mdl 4096] Endgame KRN-KNN} Kg8 38. c6 $2 (38. Ke2 Ng1+ 39. Kf1 Nxh3 40. Nb5) 38... Kf7 39. Ke2 Ne5 40. Ke3 Nxc6 {[%emt 0:00:15] White must now prevent ...Nd8.} 41. Ke4 Nd8 42. Nxd8+ Rxd8 {[%emt 0:00:07] KR-KN} 43. Nb5 Re8+ 44. Kf4 Rb8 45. Nxa7 Ra8 46. Nb5 Ra5 47. Nd4 Rxa3 48. Nf3 Ke6 49. Nh4 Ra4+ 50. Kg3 Kf7 51. Ng2 Ra3+ 52. Kh4 Ke6 $2 (52... Rf3 $19 {( -> ...Ke6)} 53. Ne1 Ra3) 53. Nf4+ $11 {[%emt 0:00:00] The position is equal.} Kf5 54. Nxg6 $1 Ra4+ (54... Ra7 55. Nf8 Rf7 56. Ne6 Kxe6 57. Kxh5 Rf4 58. g6 Kf6 59. g7 Kxg7 60. Kg5 Rf7 61. Kh4 Kh6 62. Kg4 Kg6 63. Kh4 Kf5 64. Kg3 Kg5 65. Kh2 Kh4 66. Kg2 Rf5 67. Kh2 Rf2+ 68. Kg1 Kg3 69. h4 Rf5 70. h5 Rxh5 71. Kf1 Re5 72. Kg1 Re1#) 55. Kxh5 Ra7 56. Nh4+ Kf4 57. g6 Kg3 58. Kg5 Kxh3 59. Nf5 Ra1 60. g7 Rg1+ {[%emt 0:00:00] Black had all chances to win.   Weighted Error Value: White=0.73/Black=0.35} 1/2-1/2

[Event "1st FIDE Olympiad DIS 2023"]
[Site "Belgrade"]
[Date "2023.02.02"]
[Round "4.13"]
[White "Gora, Tapiwa"]
[Black "Soltanov, Serik"]
[Result "1/2-1/2"]
[ECO "B03"]
[WhiteElo "1959"]
[BlackElo "2266"]
[Annotator "TA"]
[PlyCount "51"]
[EventDate "2023.01.30"]
[EventType "team-tourn"]
[EventCountry "SRB"]
[SourceTitle "playchess.com"]
[Source "ChessBase"]
[SourceQuality "1"]
[WhiteTeam "Zimbabwe"]
[BlackTeam "Kazakhstan"]
[WhiteTeamCountry "ZIM"]
[BlackTeamCountry "KAZ"]
[TimeControl "40/5400+30:1800+30"]

1. e4 Nf6 2. e5 Nd5 3. c4 Nb6 4. d4 d6 5. exd6 cxd6 6. Nc3 g6 7. Be3 Bg7 8. Rc1 O-O 9. b3 e5 10. dxe5 dxe5 11. Qxd8 Rxd8 12. c5 N6d7 13. Bc4 Nc6 14. Nf3 h6 {[%emt 0:00:10] Prevents Ng5. B03: Alekhine's Defence: Four Pawns Attack.} 15. Nb5 {[%emt 0:01:48] Threatening Nd6.} (15. Ne4 $5 ) 15... Nf8 16. Nd6 Rd7 17. O-O Re7 18. Nxc8 Rxc8 19. a3 e4 {[%emt 0:12:05] [#] Black did not feel at home in the position after the opening.   Weighted Error Value: White=0.11 (very precise) /Black=0.06 (flawless)} {Predecessor:} 20. Ne1 $146 Bb2 21. Rb1 Bxa3 22. Nc2 Bb4 23. Nxb4 Nxb4 24. Bxh6 Rxc5 25. Bf4 Rc6 26. Rfd1 {½-½ Domont,A (2345)-Hugentobler,P (2253) SUI-ch Graechen 2009 (9)} 1/2-1/2

[Event "1st FIDE Olympiad DIS 2023"]
[Site "Belgrade"]
[Date "2023.02.02"]
[Round "4.14"]
[White "Mitrovic, Stefan"]
[Black "Sargissyan, Sargis"]
[Result "1/2-1/2"]
[ECO "A50"]
[WhiteElo "1807"]
[BlackElo "2221"]
[Annotator "TA"]
[PlyCount "121"]
[EventDate "2023.01.30"]
[EventType "team-tourn"]
[EventCountry "SRB"]
[SourceTitle "playchess.com"]
[Source "ChessBase"]
[SourceQuality "1"]
[WhiteTeam "Serbia"]
[BlackTeam "Armenia"]
[WhiteTeamCountry "SRB"]
[BlackTeamCountry "ARM"]
[TimeControl "40/5400+30:1800+30"]

1. d4 Nf6 2. c4 g6 3. Nf3 Bg7 4. g3 b6 5. Bg2 Bb7 6. Nc3 O-O 7. O-O Ne4 8. Qc2 Nxc3 {[%emt 0:00:48] A50: Queen's Fianchetto Defence (1 d4 Nf6 2 c4 b6).} 9. Qxc3 c5 10. Be3 Bxf3 11. Bxf3 ({Much weaker is} 11. exf3 Nc6 12. Qa3 Nxd4 $17) 11... Nc6 12. Bxc6 dxc6 13. Rfd1 Qd7 {[%emt 0:02:24] [#] Threatening ...Rfd8.} 14. Qd3 $146 ({Predecessor:} 14. Rd3 Rfd8 15. Rad1 Qg4 16. R1d2 Rd7 17. f3 Qe6 18. Qc2 cxd4 19. Bf2 Rad8 20. c5 {1-0 Shnayder,V (1917)-Nikulina,A (1604) Satka Autumn op (Women) 2020 (8)}) 14... cxd4 15. Bxd4 Rfd8 16. Bxg7 Qxd3 17. Rxd3 Rxd3 18. exd3 {[%emt 0:00:07] And now Bc3 would win.} Kxg7 $11 {[%emt 0:00:05][%mdl 4096] Endgame KR-KR} 19. Kf1 Rd8 20. Ke2 e5 21. f3 f5 22. a4 a5 23. Rc1 c5 24. Rc3 Kf6 25. Ke3 Rd6 26. h3 Kg5 27. Rb3 Re6 28. h4+ {[%emt 0:02:34] [#]} (28. Ra3 $142) 28... Kh5 $1 $17 29. Kf2 f4 30. Kg2 (30. Rc3 $17) 30... fxg3 $19 31. Kxg3 g5 32. hxg5 Kxg5 33. Rb5 Rc6 34. b4 (34. Rb3 $142 h5 35. Kg2) 34... axb4 ({And not} 34... cxb4 35. Rxe5+ Kf6 36. Kf4 $11) 35. a5 bxa5 36. Rxa5 Kf5 37. Rb5 h5 38. Rb8 {[%emt 0:00:24] [#]} h4+ $1 39. Kf2 h3 $2 (39... Ra6 $19 40. Rf8+ Kg6 41. Rg8+ Kh7) 40. Rh8 $1 $11 Rb6 {[%emt 0:02:52] Hoping for ...b3.} 41. Rxh3 b3 42. Rh1 b2 43. Rb1 Kf4 44. Ke2 Rb4 45. Kd2 Kxf3 46. Rf1+ Kg2 47. Rb1 Kf2 48. Kc2 Ke2 49. Kc3 $1 Rb8 50. Kc2 $1 Rb7 51. Kc3 $1 Rb4 52. Kc2 {[%emt 0:00:00] [#]} e4 53. dxe4 {[%emt 0:00:00] The position is equal.} Rxc4+ 54. Kxb2 Kd2 55. Rh1 Rb4+ 56. Ka3 Rxe4 57. Rh5 c4 58. Kb4 c3+ 59. Kb3 Re3 {[%emt 0:00:00] ( -> ...c2+)} (59... Re2 $5 60. Rd5+ Ke3 $11) 60. Rh2+ Kd3 61. Rh8 {[%emt 0:00:00] And White is the lucky defender.   Weighted Error Value: White=0.26 (precise) /Black=0.11 (very precise)} 1/2-1/2

[Event "1st FIDE Olympiad DIS 2023"]
[Site "Belgrade"]
[Date "2023.02.02"]
[Round "4.15"]
[White "Campos, Eugenio"]
[Black "Bulatovic, Luka"]
[Result "1-0"]
[ECO "D46"]
[WhiteElo "2227"]
[BlackElo "1707"]
[Annotator "TA"]
[PlyCount "101"]
[EventDate "2023.01.30"]
[EventType "team-tourn"]
[EventCountry "SRB"]
[SourceTitle "playchess.com"]
[Source "ChessBase"]
[SourceQuality "1"]
[WhiteTeam "Angola"]
[BlackTeam "Serbia"]
[WhiteTeamCountry "ANG"]
[BlackTeamCountry "SRB"]
[TimeControl "40/5400+30:1800+30"]

1. d4 d5 2. c4 e6 3. Nc3 Nf6 4. Nf3 c6 5. e3 Be7 6. Bd3 Nbd7 7. O-O O-O 8. Qe2 {[%emt 0:00:24] 8.e4 is becoming the main line.} Re8 9. Rd1 {[%emt 0:00:39] D46: Semi-Slav: 5 e3 Nbd7 6 Bd3, Black avoids the Meran.} b6 10. e4 dxe4 11. Nxe4 {[%emt 0:00:08] White is slightly better.} Bb7 12. Ne5 {[%emt 0:02:46] [#]} (12. Neg5 $1 $16 h6 13. Bg6 (13. Ne4 c5 $11) 13... hxg5 14. Bxf7+ {[%mdl 64] Double Attack} Kf8 15. Nxg5 (15. Bxe8 Qxe8 16. Nxg5 Bd6 $16)) 12... Qc8 $146 (12... Nxe4 $1 $11 13. Bxe4 (13. Qxe4 f5 $11) 13... Nxe5 14. dxe5 Qc7) ({Predecessor:} 12... Nxe4 13. Qxe4 Nf6 14. Qf3 Qc8 15. Bg5 c5 16. Qg3 cxd4 17. Qh4 Qc7 18. Ng4 Ne4 19. Bxe4 Bxg5 20. Qxg5 Bxe4 21. Qh4 Bb7 22. Nf6+ {1-0 Hernandez Leon,A (2280)-Haertl,S (1911) Las Palmas Isla Bonita op 4th 2019 (4.4)}) 13. Ng5 $1 $16 {[%emt 0:02:19] Qf3 would be deadly.} Rf8 14. f4 {[%emt 0:07:51] White is much more active. The black rooks are badly placed.} ({Better is} 14. Re1 $16 {Hoping for Nexf7.} Qe8 15. Bd2) 14... h6 $11 15. Ngf3 c5 16. d5 $132 {[%emt 0:10:03][%mdl 2112] Deflection. White has counterplay} exd5 17. Bf5 Bd6 {[%emt 0:03:37] [#]} (17... Qd8 $11) 18. cxd5 $2 {[%emt 0:02:20] [#]} (18. Nxd7 $1 $16 {is necessary to keep the advantage.} Nxd7 19. Ne5 Bxe5 20. fxe5) 18... Qc7 $1 $17 19. b3 Rfe8 (19... Bxd5 $2 20. Nxd7 Nxd7 21. Rxd5 $18) 20. Bb2 Re7 (20... Nxd5 $17 21. Qc4 (21. Bxd7 $2 Qxd7 {[%mdl 64] Pin} 22. Qc4 Qe6 $19) 21... N7f6) 21. Qc4 Rae8 (21... b5 {looks sharper.} 22. Qxb5 Nb6 23. Nc4 Nxc4 24. Qxc4 Bxf4 25. Bxf6 gxf6 26. Bb1 Rae8) 22. Rd2 {[%emt 0:01:03] [#]} b5 $1 {[%emt 0:18:42][%mdl 64] Deflection} 23. Qxb5 Bxd5 $2 {[%emt 0:00:54][%mdl 8192] Loses the game.} (23... Nb6 $11 {and Black stays safe.}) 24. Nxd7 $18 (24. Bxd7 Rb8 $18) 24... Bxf3 $2 (24... Nxd7 25. Rxd5 Nb6) 25. Nxf6+ {[%emt 0:00:44][%mdl 64] Discovered Attack} gxf6 26. gxf3 {[%emt 0:00:39] Black must now prevent Rg2+.} Bxf4 27. Rg2+ Kf8 28. Bxf6 {[%emt 0:01:20] And now Bg7+ would win.} Bxh2+ 29. Kf1 $1 {[%emt 0:02:57] Intending Bg7+ and mate.} (29. Rxh2 Re1+ 30. Rxe1 (30. Qf1 Rxf1+ 31. Rxf1 Qf4 $11) 30... Qg3+ 31. Rg2 Rxe1+ $14) 29... Bg3 {[%emt 0:01:33] ( -> ...Re1+)} 30. Bxe7+ Rxe7 31. Rd1 Qf4 32. Bg4 (32. Qxc5 $2 Qxf3+) ({Stronger than} 32. Rd8+ Kg7 33. Rxg3+ (33. Qxc5 $2 Re1#) (33. Be4 $2 Qxf3+ 34. Kg1 Qe3+ 35. Kh1 Qe1+ 36. Rg1 Qxe4+ 37. Rg2 Qh4+ 38. Kg1 Re1+ $19 {[%mdl 64] Discovered Attack}) 33... Qxg3 $11) 32... h5 33. Qc4 Qe5 (33... hxg4 $142 34. Qxf4 (34. Qxc5 $2 {gets mated.} Qxf3+) 34... Bxf4 35. Rxg4 Bc7) 34. Re2 Qxe2+ 35. Qxe2 Rxe2 36. Kxe2 hxg4 37. fxg4 {[%emt 0:00:14][%mdl 4096] Endgame KR-KB} Ke7 38. Rd5 Bd6 39. Kd3 Ke6 40. Kc4 f6 41. Rf5 a6 42. a4 Be7 43. Rd5 Bd6 44. a5 Be7 45. Rd1 (45. Rh5 $142 Bd8 46. Rxc5) 45... Bd6 46. Re1+ Kd7 47. Kd5 {[%emt 0:00:54] White mates.} Bc7 48. Re6 Bxa5 49. Rxf6 Ke7 50. Rxa6 Bb4 51. Rc6 {[%emt 0:00:27] An entertaining game by Campos.   Weighted Error Value: White=0.42/Black=0.58} 1-0

[Event "1st FIDE Olympiad DIS 2023"]
[Site "Belgrade"]
[Date "2023.02.02"]
[Round "4.16"]
[White "Petrovic, Vladan"]
[Black "Andriienko, Artom"]
[Result "0-1"]
[ECO "B98"]
[WhiteElo "1818"]
[BlackElo "1693"]
[Annotator "NA RC COMBH"]
[PlyCount "76"]
[EventDate "2023.01.30"]
[EventType "team-tourn"]
[EventCountry "SRB"]
[SourceTitle "playchess.com"]
[Source "ChessBase"]
[SourceQuality "1"]
[WhiteTeam "Serbia"]
[BlackTeam "Ukraine"]
[WhiteTeamCountry "SRB"]
[BlackTeamCountry "UKR"]
[TimeControl "40/5400+30:1800+30"]

1. e4 c5 2. Nf3 d6 3. d4 cxd4 4. Nxd4 Nf6 5. Nc3 a6 6. Bg5 e6 7. f4 Be7 8. Qf3 h6 9. Bxf6 Bxf6 10. O-O-O Qb6 11. Nb3 Qc7 12. Kb1 Nc6 ({Better is} 12... Bxc3 $1 $15 13. Qxc3 Qxc3 14. bxc3 Ke7) 13. g4 Bd7 14. Bg2 O-O-O 15. Rd2 g5 16. e5 $1 Be7 17. exd6 Bxd6 18. fxg5 Bf4 19. Rf2 hxg5 20. Nc5 Na5 21. Nd3 Bc6 22. Qe2 Bxg2 23. Rxg2 Nc4 24. Nxf4 gxf4 25. Ne4 $2 (25. Qe1) 25... Rh3 26. Ng5 Re3 27. Qf2 Qe5 28. c3 Rd2 29. Qf1 Qd5 30. Rhg1 Rxg2 $19 (30... Na3+ $142 31. Ka1 Rxg2 32. Nf3 Rxg1 33. Qxg1 Rxf3 34. bxa3 Rxc3 35. Kb2 Qd2+ 36. Kb1 Rc2 37. h4 Rb2+ 38. Ka1 Rxa2+ 39. Kb1 Qc2#) 31. Rxg2 Nd2+ 32. Rxd2 Qxd2 33. Nf3 Qd5 34. Nd4 Qe4+ 35. Nc2 Re2 36. Qd1 f3 37. Kc1 Qxc2+ 38. Qxc2 Rxc2+ 0-1